| TOP OF THE 1ST |
|
San Francisco Giants batting - Pitching for New York Mets : RHP Billy McIntyre
|
|
Pitching: RHP Billy McIntyre
|
|
|
Batting: RHB Philip Jansen
|
0-0: Ball 1-0: Ball 2-0: Fly out, F6 (Popup, 6D, EV 56.2 MPH)
|
|
Batting: SHB Ryan Doss
|
0-0: Foul Ball, location: 2F 0-1: Foul Ball, location: 2F 0-2: Strikes out looking
|
|
Batting: RHB Sean Zielinski
|
0-0: Called Strike 0-1: Swinging Strike 0-2: Fly out, F7 (Line Drive, 7, EV 91.9 MPH)
|
| Top of the 1st over - 0 runs, 0 hits, 0 errors, 0 left on base; San Francisco 0 - New York 0 |
| BOTTOM OF THE 1ST |
|
New York Mets batting - Pitching for San Francisco Giants : RHP Curt Howland
|
|
Pitching: RHP Curt Howland
|
|
|
Batting: LHB Kevin Bellman
|
0-0: Called Strike 0-1: Foul Ball, location: 2F 0-2: Foul Ball, location: 2F 0-2: Ball 1-2: Foul Ball, location: 2F 1-2: Fly out, F4 (Line Drive, 4, EV 73.1 MPH)
|
|
Batting: RHB Josh Jones
|
0-0: Foul Ball, location: 2F 0-1: Swinging Strike 0-2: Strikes out swinging
|
|
Batting: SHB Sean Cook
|
0-0: Ball 1-0: Called Strike 1-1: Called Strike 1-2: Strikes out swinging
|
| Bottom of the 1st over - 0 runs, 0 hits, 0 errors, 0 left on base; San Francisco 0 - New York 0 |
| TOP OF THE 2ND |
|
San Francisco Giants batting - Pitching for New York Mets : RHP Billy McIntyre
|
|
Batting: LHB Tom Best
|
0-0: Ball 1-0: Ball 2-0: Ball 3-0: Called Strike 3-1: Base on Balls
|
|
Batting: LHB Luis Magdaleno
|
0-0: Called Strike 0-1: Swinging Strike 0-2: Ball 1-2: Strikes out swinging
|
|
Batting: SHB Bill Dooms
|
0-0: Ball 1-0: Ball 2-0: SINGLE (Groundball, 4MD, EV 98.1 MPH) Tom Best to second
|
|
Batting: RHB Nate Hodson
|
0-0: Called Strike 0-1: Ball 1-1: Ball 2-1: SINGLE (Line Drive, 78M, EV 103.1 MPH) Tom Best to third Bill Dooms to second
|
|
Batting: RHB Bill Defazio
|
0-0: Ball 1-0: Foul Ball, location: 2F 1-1: Fly out, F8 (Flyball, 8RM, EV 91.9 MPH)
|
|
Batting: RHB Ruben Garza
|
0-0: Ball 1-0: Ground out 6-3 (Groundball, 6S, EV 85.0 MPH)
|
| Top of the 2nd over - 0 runs, 2 hits, 0 errors, 3 left on base; San Francisco 0 - New York 0 |
| BOTTOM OF THE 2ND |
|
New York Mets batting - Pitching for San Francisco Giants : RHP Curt Howland
|
|
Batting: LHB Chris Ringwood
|
0-0: Ball 1-0: Swinging Strike 1-1: Foul Ball, location: 2F 1-2: Foul Ball, location: 2F 1-2: SINGLE (Groundball, 4S, EV 67.5 MPH) (infield hit)
|
|
Batting: RHB Drtian Thaqi
|
0-0: Called Strike 0-1: Foul Ball, location: 2F 0-2: Ball 1-2: Ball 2-2: Ball 3-2: SINGLE (Groundball, 6MD, EV 108.8 MPH) Chris Ringwood to second
|
|
Batting: SHB Billy Encinias
|
0-0: Called Strike 0-1: Ball 1-1: Foul Ball, location: 2F 1-2: Foul Ball, location: 2F 1-2: Ball 2-2: Ball 3-2: Base on Balls Chris Ringwood to third Drtian Thaqi to second
|
|
Batting: SHB Jason Larson
|
0-0: Ball 1-0: Called Strike 1-1: Ball 2-1: Swinging Strike 2-2: Ball 3-2: SINGLE (Line Drive, 9S, EV 98.1 MPH) Chris Ringwood scores Drtian Thaqi to third Billy Encinias to second
|
|
Batting: RHB Antonio Aranda
|
0-0: Swinging Strike 0-1: Foul Ball, location: 2F 0-2: Foul Ball, location: 2F 0-2: Ball 1-2: Ball 2-2: Fly out, F7 (Flyball, 7LMF, EV 85.0 MPH) Runner from 3rd tags up, OUT at HOME! 7-2 Billy Encinias to third Jason Larson to second
|
|
Batting: RHB Finn Ross
|
0-0: Swinging Strike 0-1: Called Strike 0-2: Foul Ball, location: 2F 0-2: Ball 1-2: Strikes out swinging
|
| Bottom of the 2nd over - 1 run, 3 hits, 0 errors, 2 left on base; San Francisco 0 - New York 1 |
| TOP OF THE 3RD |
|
San Francisco Giants batting - Pitching for New York Mets : RHP Billy McIntyre
|
|
Batting: RHB Philip Jansen
|
0-0: Called Strike 0-1: Swinging Strike 0-2: Ball 1-2: Ground out 6-3 (Groundball, 6, EV 83.1 MPH)
|
|
Batting: SHB Ryan Doss
|
0-0: Foul Ball, location: 2F 0-1: Foul Ball, location: 2F 0-2: Ball 1-2: Strikes out swinging
|
|
Batting: RHB Sean Zielinski
|
0-0: TRIPLE (Flyball, 89XD, EV 100.0 MPH)
|
|
Batting: LHB Tom Best
|
0-0: Swinging Strike 0-1: Ball 1-1: Swinging Strike 1-2: Strikes out swinging
|
| Top of the 3rd over - 0 runs, 1 hit, 0 errors, 1 left on base; San Francisco 0 - New York 1 |
| BOTTOM OF THE 3RD |
|
New York Mets batting - Pitching for San Francisco Giants : RHP Curt Howland
|
|
Batting: LHB Kevin Bellman
|
0-0: Called Strike 0-1: Foul Ball, location: 2F 0-2: Foul Ball, location: 2F 0-2: Foul Ball, location: 2F 0-2: Ball 1-2: Ball 2-2: Strikes out swinging
|
|
Batting: RHB Josh Jones
|
0-0: DOUBLE (Groundball, 5L, EV 101.2 MPH)
|
|
Batting: SHB Sean Cook
|
0-0: 2-RUN HOME RUN (Flyball, 7D, EV 95.6 MPH), Distance : 357 ft
|
|
Batting: LHB Chris Ringwood
|
0-0: Foul Ball, location: 2F 0-1: Ball 1-1: Foul Ball, location: 2F 1-2: Strikes out swinging
|
|
Batting: RHB Drtian Thaqi
|
0-0: Reached via error on a dropped throw from 1B, E1 (Groundball, 34S, EV 90.6 MPH)
|
|
Batting: SHB Billy Encinias
|
0-0: Ball 1-0: Ball 2-0: Called Strike 2-1: Foul Ball, location: 2F 2-2: Ball 3-2: Foul Ball, location: 2F 3-2: Foul Ball, location: 2F 3-2: Base on Balls Drtian Thaqi to second
|
|
Batting: SHB Jason Larson
|
0-0: Swinging Strike 0-1: Called Strike 0-2: Ball 1-2: Strikes out swinging
|
| Bottom of the 3rd over - 2 runs, 2 hits, 1 error, 2 left on base; San Francisco 0 - New York 3 |
| TOP OF THE 4TH |
|
San Francisco Giants batting - Pitching for New York Mets : RHP Billy McIntyre
|
|
Batting: LHB Luis Magdaleno
|
0-0: Ball 1-0: Ball 2-0: Called Strike 2-1: Fly out, F8 (Line Drive, 8RD, EV 88.8 MPH)
|
|
Batting: SHB Bill Dooms
|
0-0: Called Strike 0-1: Foul Ball, location: 2F 0-2: Ball 1-2: Ball 2-2: Ball 3-2: Foul Ball, location: 2F 3-2: Base on Balls
|
|
Batting: RHB Nate Hodson
|
0-0: Called Strike 0-1: 2-RUN HOME RUN (Flyball, 9D, EV 97.5 MPH), Distance : 390 ft
|
|
Batting: RHB Bill Defazio
|
0-0: Fly out, F8 (Flyball, 89M, EV 98.1 MPH)
|
|
Batting: RHB Ruben Garza
|
0-0: Ball 1-0: Foul Ball, location: 2F 1-1: Ball 2-1: Foul Ball, location: 2F 2-2: Foul Ball, location: 2F 2-2: Strikes out swinging
|
| Top of the 4th over - 2 runs, 1 hit, 0 errors, 0 left on base; San Francisco 2 - New York 3 |
| BOTTOM OF THE 4TH |
|
New York Mets batting - Pitching for San Francisco Giants : RHP Curt Howland
|
|
Batting: RHB Antonio Aranda
|
0-0: Ball 1-0: Called Strike 1-1: Swinging Strike 1-2: Ball 2-2: Strikes out swinging
|
|
Batting: RHB Finn Ross
|
0-0: Foul Ball, location: 2F 0-1: Swinging Strike 0-2: Strikes out swinging
|
|
Batting: LHB Kevin Bellman
|
0-0: Called Strike 0-1: Ball 1-1: Ball 2-1: Ball 3-1: Base on Balls
|
|
Batting: RHB Josh Jones
|
0-0: Called Strike Pickoff Play to 1st, Runner tries for 2nd, OUT after rundown.
|
| Bottom of the 4th over - 0 runs, 0 hits, 0 errors, 0 left on base; San Francisco 2 - New York 3 |
| TOP OF THE 5TH |
|
San Francisco Giants batting - Pitching for New York Mets : RHP Billy McIntyre
|
|
Batting: RHB Philip Jansen
|
0-0: Called Strike 0-1: Ball 1-1: Ball 2-1: Called Strike 2-2: Ball 3-2: Strikes out swinging
|
|
Batting: SHB Ryan Doss
|
0-0: Ball 1-0: Foul Ball, location: 2F 1-1: Ball 2-1: Called Strike 2-2: Ball 3-2: Foul Ball, location: 2F 3-2: Foul Ball, location: 2F 3-2: Base on Balls
|
|
Batting: RHB Sean Zielinski
|
0-0: Ball Ryan Doss steals 2nd base 1-0: Ball 2-0: Ball 3-0: Called Strike 3-1: Fly out, F7 (Flyball, 78M, EV 85.6 MPH)
|
|
Batting: LHB Tom Best
|
0-0: Called Strike 0-1: Ball 1-1: Foul Ball, location: 2F 1-2: Ball 2-2: Ball 3-2: Base on Balls
|
|
Batting: LHB Luis Magdaleno
|
0-0: DOUBLE (Flyball, 8LXD, EV 109.4 MPH) Ryan Doss scores Tom Best to third Runner from 3rd tries for Home, SAFE, throw by CF to home
|
|
Batting: SHB Bill Dooms
|
0-0: Ball 1-0: Ball 2-0: Foul Ball, location: 2F 2-1: Swinging Strike 2-2: Strikes out looking
|
| Top of the 5th over - 2 runs, 1 hit, 0 errors, 1 left on base; San Francisco 4 - New York 3 |
| BOTTOM OF THE 5TH |
|
New York Mets batting - Pitching for San Francisco Giants : RHP Curt Howland
|
|
Batting: RHB Josh Jones
|
0-0: Swinging Strike 0-1: Ground out 4-3 (Groundball, 34, EV 101.2 MPH)
|
|
Batting: SHB Sean Cook
|
0-0: Ball 1-0: Called Strike 1-1: Ground out 1-3 (Groundball, 25, EV 69.4 MPH)
|
|
Batting: LHB Chris Ringwood
|
0-0: Called Strike 0-1: Foul Ball, location: 2F 0-2: Ball 1-2: Strikes out swinging
|
| Bottom of the 5th over - 0 runs, 0 hits, 0 errors, 0 left on base; San Francisco 4 - New York 3 |
| TOP OF THE 6TH |
|
San Francisco Giants batting - Pitching for New York Mets : RHP Billy McIntyre
|
|
Batting: RHB Nate Hodson
|
0-0: Bunt for hit to 2R - play at first, batter OUT! 2-3
|
|
Batting: RHB Bill Defazio
|
0-0: Foul Ball, location: 2F 0-1: Ball 1-1: Ball 2-1: Ball 3-1: Swinging Strike 3-2: Base on Balls
|
|
Pitching: RHP Thomas Clark
|
|
|
Batting: RHB Ruben Garza
|
0-0: Called Strike Bill Defazio is caught stealing 2nd base 2-4 0-1: Ball 1-1: Foul Ball, location: 2F 1-2: Foul Ball, location: 2F 1-2: Ball 2-2: Foul Ball, location: 2F 2-2: Ball 3-2: Foul Ball, location: 2F 3-2: Foul Ball, location: 2F 3-2: Foul Ball, location: 2F 3-2: Strikes out swinging
|
| Top of the 6th over - 0 runs, 0 hits, 0 errors, 0 left on base; San Francisco 4 - New York 3 |
| BOTTOM OF THE 6TH |
|
New York Mets batting - Pitching for San Francisco Giants : RHP Curt Howland
|
|
Batting: RHB Drtian Thaqi
|
0-0: Ball 1-0: Swinging Strike 1-1: Ball 2-1: Called Strike 2-2: Strikes out looking
|
|
Batting: SHB Billy Encinias
|
0-0: Ball 1-0: Called Strike 1-1: DOUBLE (Line Drive, 9LD, EV 103.8 MPH)
|
|
Pitching: RHP Josh Lister
|
|
|
Batting: SHB Jason Larson
|
0-0: Ball 1-0: Foul Ball, location: 2F 1-1: Foul Ball, location: 2F 1-2: Ball 2-2: Strikes out swinging
|
|
Batting: RHB Antonio Aranda
|
0-0: Ball 1-0: Ball 2-0: Ball 3-0: Called Strike 3-1: Base on Balls
|
|
Batting: RHB Finn Ross
|
0-0: TRIPLE (Flyball, 9LD, EV 106.9 MPH) Billy Encinias scores Antonio Aranda scores
|
|
Batting: LHB Kevin Bellman
|
0-0: Ball 1-0: Ball 2-0: Ball 3-0: Base on Balls
|
|
Batting: RHB Josh Jones
|
0-0: Called Strike 0-1: Foul Ball, location: 2F 0-2: Foul Ball, location: 2F 0-2: Fly out, F8 (Flyball, 8RD, EV 87.5 MPH)
|
| Bottom of the 6th over - 2 runs, 2 hits, 0 errors, 2 left on base; San Francisco 4 - New York 5 |
| TOP OF THE 7TH |
|
San Francisco Giants batting - Pitching for New York Mets : RHP Thomas Clark
|
|
Batting: RHB Philip Jansen
|
0-0: Ball 1-0: Ball 2-0: Ground out 5-3 (Groundball, 5, EV 108.8 MPH)
|
|
Batting: SHB Ryan Doss
|
0-0: Swinging Strike 0-1: Ball 1-1: Foul Ball, location: 2F 1-2: Strikes out swinging
|
|
Batting: RHB Sean Zielinski
|
0-0: Ball 1-0: Ball 2-0: Ball 3-0: Base on Balls
|
|
Batting: LHB Tom Best
|
0-0: Foul Ball, location: 2F 0-1: Ball 1-1: Fielders Choice at 2nd, U4 (Groundball, 4M, EV 102.5 MPH)
|
| Top of the 7th over - 0 runs, 0 hits, 0 errors, 1 left on base; San Francisco 4 - New York 5 |
| BOTTOM OF THE 7TH |
|
New York Mets batting - Pitching for San Francisco Giants : RHP Josh Lister
|
|
Batting: SHB Sean Cook
|
0-0: Called Strike 0-1: Called Strike 0-2: Foul Ball, location: 2F 0-2: Ball 1-2: Foul Ball, location: 2F 1-2: Ball 2-2: Ground out 4-3 (Groundball, 4S, EV 60.6 MPH)
|
|
Batting: LHB Chris Ringwood
|
0-0: Called Strike 0-1: Ground out 4-3 (Groundball, 4, EV 91.9 MPH)
|
|
Batting: RHB Drtian Thaqi
|
0-0: Ball 1-0: Ball 2-0: Ball 3-0: Fly out, F8 (Flyball, 89XD, EV 84.4 MPH)
|
| Bottom of the 7th over - 0 runs, 0 hits, 0 errors, 0 left on base; San Francisco 4 - New York 5 |
| TOP OF THE 8TH |
|
San Francisco Giants batting - Pitching for New York Mets : RHP Thomas Clark
|
|
Pitching: RHP Robbie Beerbower
|
|
|
Batting: LHB Luis Magdaleno
|
0-0: Foul Ball, location: 2F 0-1: Ball 1-1: Called Strike 1-2: Ball 2-2: Ball 3-2: Strikes out swinging
|
|
Batting: SHB Bill Dooms
|
0-0: Ball 1-0: SINGLE (Line Drive, 7S, EV 95.6 MPH)
|
|
Batting: RHB Nate Hodson
|
0-0: Ball Wild Pitch! Bill Dooms to second 1-0: Ball 2-0: Called Strike 2-1: Fly out, F9 (Flyball, 89S, EV 88.1 MPH)
|
|
Batting: RHB Bill Defazio
|
0-0: Foul Ball, location: 2F 0-1: 2-RUN HOME RUN (Flyball, 7D, EV 96.9 MPH), Distance : 360 ft
|
|
Batting: RHB Ruben Garza
|
0-0: Ball 1-0: Swinging Strike 1-1: Called Strike 1-2: Foul Ball, location: 2F 1-2: Strikes out swinging
|
| Top of the 8th over - 2 runs, 2 hits, 0 errors, 0 left on base; San Francisco 6 - New York 5 |
| BOTTOM OF THE 8TH |
|
New York Mets batting - Pitching for San Francisco Giants : RHP Josh Lister
|
|
Pitching: RHP Lorenzo de Jesus
|
|
|
Batting: SHB Billy Encinias
|
0-0: Ball 1-0: Called Strike 1-1: Swinging Strike 1-2: Foul Ball, location: 2F 1-2: Foul Ball, location: 2F 1-2: Foul Ball, location: 2F 1-2: Strikes out swinging, 2-3 out at first.
|
|
Batting: SHB Jason Larson
|
0-0: Ball 1-0: Ball 2-0: Called Strike 2-1: Foul Ball, location: 2F 2-2: Ball 3-2: Strikes out swinging
|
|
Batting: RHB Antonio Aranda
|
0-0: Ball 1-0: Called Strike 1-1: Ground out 6-3 (Groundball, 6, EV 93.8 MPH)
|
| Bottom of the 8th over - 0 runs, 0 hits, 0 errors, 0 left on base; San Francisco 6 - New York 5 |
| TOP OF THE 9TH |
|
San Francisco Giants batting - Pitching for New York Mets : RHP Robbie Beerbower
|
|
Pitching: RHP Justin Overlie
|
|
|
Batting: RHB Philip Jansen
|
0-0: Ball 1-0: Ball 2-0: Foul Ball, location: 2F 2-1: Called Strike 2-2: Foul Ball, location: 2F 2-2: Strikes out looking
|
|
Batting: SHB Ryan Doss
|
0-0: Swinging Strike 0-1: Called Strike 0-2: Ball 1-2: TRIPLE (Groundball, 3L, EV 95.0 MPH)
|
|
Batting: RHB Sean Zielinski
|
0-0: Ball 1-0: 2-RUN HOME RUN (Flyball, 9D, EV 104.4 MPH), Distance : 397 ft
|
|
Batting: LHB Tom Best
|
0-0: Ball 1-0: Foul Ball, location: 2F 1-1: Ball 2-1: Ball 3-1: Base on Balls
|
|
Batting: LHB Luis Magdaleno
|
0-0: Foul Ball, location: 2F 0-1: Ball 1-1: Ball Tom Best is caught stealing 2nd base 2-6 2-1: Ball 3-1: Called Strike 3-2: Strikes out looking
|
| Top of the 9th over - 2 runs, 2 hits, 0 errors, 0 left on base; San Francisco 8 - New York 5 |
| BOTTOM OF THE 9TH |
|
New York Mets batting - Pitching for San Francisco Giants : RHP Lorenzo de Jesus
|
|
Pitching: RHP Filip Nebylitsin
|
|
|
Batting: RHB Finn Ross
|
0-0: Ball 1-0: Ball 2-0: Called Strike 2-1: Ball 3-1: Foul Ball, location: 2F 3-2: Ground out 6-3 (Groundball, 6, EV 84.4 MPH)
|
|
Batting: LHB Kevin Bellman
|
0-0: Ball 1-0: Fly out, F7 (Flyball, 78D, EV 95.6 MPH)
|
|
Batting: RHB Josh Jones
|
0-0: Ball 1-0: Ball 2-0: Ball 3-0: Base on Balls
|
|
Batting: SHB Sean Cook
|
0-0: Called Strike 0-1: Foul Ball, location: 2F 0-2: Strikes out looking
|
| Bottom of the 9th over - 0 runs, 0 hits, 0 errors, 1 left on base; San Francisco 8 - New York 5 |
|